[Event "*** Titled Tuesday 3|2 Blitz"]
[Site "Chess.com"]
[Date "2015.09.01"]
[Round "1"]
[White "stepanosinovsky"]
[Black "Tal-Baronfew"]
[Result "1/2-1/2"]
[WhiteElo "2271"]
[BlackElo "2776"]
[TimeControl "180+2"]
[EndTime "11:10:30 PDT"]
[Termination "Game drawn - insufficient material"]

1. g3 d5 2. Bg2 Nf6 3. d3 e5 4. Nd2 Bc5 5. e4 dxe4 6. dxe4 Bg4 7. Ngf3 Nc6 8. c3 Qd3 9. Qe2 O-O-O 10. h3 Bh5 11.
Qxd3 Rxd3 12. Ke2 Rhd8 13. g4 Bg6 14. Ne1 R3d7 15. f3 Ne8 16. b4 Bb6 17. Nc4 f6 18. a4 Bf7 19. Nxb6+ axb6 20. Be3 Nd6 21. Nc2 Nc4 22.
Rhd1 Nb2 23. Rxd7 Rxd7 24. Bf1 Bb3 25. Na3 Nxa4 26. Rc1 Nb2 27. Kf2 Nd1+ 28. Ke2 Nb2 29. Kf2 Rd1 30. Be2 Rxc1 31. Bxc1 Nd1+ 32. Bxd1 Bxd1 33.
Nc4 Kd7 34. h4 h6 35. h5 Nd8 36. Ne3 Bb3 37. Nf5 Ne6 38. Be3 Kc6 39. Ke2 Kb5 40. Kd2 Bc4 41. Ne7 Bf1 42. Nd5 Ka4 43. f4 exf4 44. Nxf4 Ng5 45. Nd5 c6 46. Nxb6+ Kb3 47. Bxg5 hxg5 48. Nd7 Bc4 49. e5 fxe5 50. Nxe5 Be6 51.
Nf3 Bxg4 52. Nxg5 Bxh5 53. Ne6 g6 54. Nc5+ Kc4 55. Nxb7 g5 56. Nc5 Kd5 57. Nd3 Bg6 58.
Ne1 Be4 59. Ke3 Bh1 60. Nd3 Kc4 61. Ne5+ Kxc3 62. Nf7 g4 63. Kf4 Bf3 64. Ne5 Kxb4 65. Nxc6+ Bxc6 66. Kxg4 1/2-1/2

[Event "*** Titled Tuesday 3|2 Blitz"]
[Site "Chess.com"]
[Date "2015.09.01"]
[Round "1"]
[White "pedromartinez91"]
[Black "dretch"]
[Result "0-1"]
[WhiteElo "2211"]
[BlackElo "2615"]
[TimeControl "180+2"]
[EndTime "11:10:42 PDT"]
[Termination "dretch won on time"]

1. e4 e6 2. d4 d5 3. Nd2 c5 4. exd5 Qxd5 5. dxc5 Nf6 6. Ngf3 Qxc5 7. Bd3 Nbd7 8. O-O Qc7 9. a4 b6 10. Ne4 Nxe4 11.
Bxe4 Bb7 12. Qe2 Be7 13. Bxb7 Qxb7 14. a5 O-O 15. axb6 axb6 16. Be3 Bc5 17. c3 Qe4 18. Rfe1 Bxe3 19. Qxe3 Qxe3 20. fxe3 Nc5 21. Ne5 b5 22. Red1 f6 23. Rxa8 Rxa8 24. Nd3 Rd8 25. Nf2 Rxd1+ 26. Nxd1 Kf7 27. Kf2 e5 28. Ke2 Ke6 29. Nf2 Kd5 30. Nd3 Na4 31. Kd2 e4 32.
Nb4+ Kc4 33. Kc2 Nc5 34. Nc6 Nd3 35. Nd4 Ne1+ 36. Kd2 Nxg2 37. b3+ Kc5 38. Ne6+ Kd5 39. Nxg7 Nh4 40. Nh5 Nf3+ 41. Ke2 Ke5 42. c4 bxc4 43. bxc4 Nxh2 44. c5 Ng4 45. c6 Kd6 46. Ng3 Kxc6 47. Nxe4 Kd5 48. Ng3 Ne5 49. Kf2 Ke6 50. Ne2 Kf5 51. Kg3 Ke4 52. Nf4 f5 53. Ng2 Ng4 54. Nf4 Nxe3 55. Nh5 Nd5 56. Kh4 f4 57. Kg4 h6 58.
Ng7 Ne3+ 59. Kh3 Nf5 60. Nh5 f3 61. Nf6+ Kd3 62. Ng4 Ke2 63. Nh2 f2 64. Kg4 Nd4 65. Kg3 Nf3 66. Ng4 f1=Q 67. Nxh6 Qg1+ 0-1

[Event "*** Titled Tuesday 3|2 Blitz"]
[Site "Chess.com"]
[Date "2015.09.01"]
[Round "1"]
[White "ItalianMachine"]
[Black "jcibarra"]
[Result "0-1"]
[WhiteElo "2211"]
[BlackElo "2537"]
[TimeControl "180+2"]
[EndTime "11:11:15 PDT"]
[Termination "jcibarra won by resignation"]

1. e4 c5 2. Nc3 a6 3. a4 Nc6 4. f4 e6 5. Nf3 d5 6. d3 g6 7. g3 Bg7 8. Bg2 Nge7 9. O-O O-O 10. h3 c4 11. Kh2 cxd3 12. cxd3 Qa5 13. Bd2 Qb6 14. a5 Qc7 15. Qe2 Rd8 16. Rfc1 Bd7 17.
Na4 Be8 18. Nb6 Bxb2 19. Nxa8 Rxa8 20. Rab1 Bxc1 21. Rxc1 Qd8 22. Bc3 Nxa5 23. Bf6 Nac6 24. Qb2 Qd7 25. h4 Rc8 26. h5 gxh5 27. Bh8 d4 28.
Bf6 Ng6 29. Nxd4 Nxd4 30. Rxc8 Qxc8 31. Qxd4 Qd7 32. Qc3 Qc6 33. Qa1 Qa4 34. Qc3 Qc6 35. Qb2 h4 36. gxh4 e5 37. Bxe5 Nxh4 38. f5 Qh6 39. Kg1 Qe3+ 40. Kh2 Qg5 41. Bg3 Nxg2 42. Kxg2 h5 43. Kh2 h4 44. Bb8 Bb5 45. Qe5 Qd2+ 46.
Kg1 Qe1+ 47. Kh2 Qe2+ 48. Kg1 Qxd3 49. Qf4 Qd1+ 50. Kh2 Qe2+ 51. Kh3 Qf1+ 52. Kxh4 Qxf4+ 53. Bxf4 Bd3 54. Kg5 Bxe4 55. Bc7 Kf8 56. f6 Ke8 57. Kf4 Kd7 58. Ba5 Bc2 59. Ke5 Kc6 60. Kd4 Kb5 61.
Bd8 Kb4 62. Be7+ Kb5 63. Kc3 Bf5 64. Bf8 Be6 65. Kb2 Ka4 66. Be7 b5 67. Bf8 a5 68.
Be7 b4 69. Bf8 Kb5 70. Be7 a4 71. Kc2 a3 72. Kb1 Ka4 73. Bc5 b3 74. Bd4 Bf5+ 75. Ka1 Kb4 76. Be5 b2+ 77. Bxb2 axb2+ 78. Kxb2 0-1

[Event "*** Titled Tuesday 3|2 Blitz"]
[Site "Chess.com"]
[Date "2015.09.01"]
[Round "1"]
[White "Boryboy"]
[Black "Fh2411"]
[Result "0-1"]
[WhiteElo "2475"]
[BlackElo "2186"]
[TimeControl "180+2"]
[EndTime "11:12:05 PDT"]
[Termination "Fh2411 won by resignation"]

1. d4 d5 2. Nf3 c6 3. c4 Nf6 4.
e3 Bg4 5. Qb3 Qb6 6. Nc3 e6 7. Nh4 Bh5 8. h3 g5 9. Nf3 h6 10. Ne5 Nbd7 11. g4 Qxb3 12. axb3 Bg6 13. Nxg6 fxg6 14. Bd3 Kf7 15. e4 dxe4 16. Nxe4 Nxe4 17.
Bxe4 Nf6 18. Bf3 Bb4+ 19. Kf1 a6 20. Be3 Rad8 21. Kg2 Bd6 22. Rhd1 Bf4 23. Ra5 Rd7 24. b4 Rhd8 25. b5 axb5 26. cxb5 c5 27. dxc5 Rxd1 28. Bxd1 Bxe3 29. fxe3 Rxd1 30. Ra7 Rd7 31. Kf3 Ke7 32. b6 Nd5 33. Ra8 Nb4 34. Rh8 Kf6 35. Rc8 Na6 36. c6 bxc6 37. Rxc6 Rb7 38. Ke4 Nb4 39. Rc8 Rxb6 40. Rf8+ Kg7 41. Re8 Kf7 42. Rh8 Nd5 43.
Ke5 Nf6 44. Ra8 Rb5+ 45. Kd4 e5+ 46. Kc3 Ne4+ 47. Kd3 Nf2+ 48. Kc3 Nxh3 49. b4 h5 50. gxh5 gxh5 51. Kc4 Rb7 52. b5 Ke6 53. Kc5 Kd7 54. b6 Nf2 55. Ra7 Ne4+ 56. Kd5 Nc3+ 57. Kxe5 Kc6 58. Kf5 h4 59. Ra3 Nb5 60. Ra1 Rg7 61.
Rc1+ Kxb6 62. Kg4 Nd6 63. Rc2 Ne4 64. Rc4 Ng3 65. Rc1 Rc7 66. Rb1+ Kc6 67. Kxg5 Rh7 68. Kg4 Ne4 69. Kf4 Nf2 70. Kf3 Nd3 71. Rh1 Kd5 72. Rd1 Kc4 73. Rh1 Kc3 74. Rh2 Kc4 75.
Kg4 Ne5+ 76. Kf4 Kd5 77. Rh1 Ke6 78. Kg5 h3 79. Kf4 Rf7+ 80. Kg3 Rf3+ 81. Kh4 Ng6+ 82. Kg4 Ne5+ 83. Kh4 Kf5 84. e4+ Kf4 85. Ra1 h2 86.
Rh1 Rf2 87. Kh3 Ng4 88. e5 Rf3+ 89. Kg2 Rg3+ 90. Kf1 Kxe5 91. Ke2 Kf4 92. Kf1 Kf3 93. Ke1 Rg1+ 0-1

[Event "*** Titled Tuesday 3|2 Blitz"]
[Site "Chess.com"]
[Date "2015.09.01"]
[Round "2"]
[White "WarlordX"]
[Black "AungTZ"]
[Result "1-0"]
[WhiteElo "2210"]
[BlackElo "2063"]
[TimeControl "180+2"]
[EndTime "11:16:16 PDT"]
[Termination "WarlordX won by resignation"]

1. d4 Nf6 2. c4 e6 3. Nc3 Bb4 4. Nf3 O-O 5. Bg5 b6 6. e4 h6 7. Bh4 g5 8. Nxg5 hxg5 9. Bxg5 Be7 10. Bd3 Nh7 11. Bh6 Bg5 12. Bxf8 Kxf8 13.
Qh5 Kg7 14. f4 Bh6 15. e5 f5 16. g4 Bxf4 17. gxf5 Qg5 18. f6+ Nxf6 19. exf6+ Kxf6 20. Qf3 Nc6 21. Rf1 e5 22. Ne4+ 1-0

[Event "*** Titled Tuesday 3|2 Blitz"]
[Site "Chess.com"]
[Date "2015.09.01"]
[Round "2"]
[White "armago"]
[Black "ItalianMachine"]
[Result "0-1"]
[WhiteElo "2047"]
[BlackElo "2216"]
[TimeControl "180+2"]
[EndTime "11:16:34 PDT"]
[Termination "ItalianMachine won by resignation"]

1. d4 Nf6 2. c4 g6 3. Nc3 Bg7 4. e4 d6 5. Bd3 O-O 6. Nge2 e5 7. d5 Na6 8. O-O Nc5 9. Bc2 a5 10. b3 Bd7 11. Rb1 b6 12. f3 Nh5 13. a3 f5 14.
exf5 gxf5 15. b4 axb4 16. axb4 Na6 17. Be3 Qh4 18. Qd3 b5 19. cxb5 Nxb4 20. Qd2 Nxc2 21. Qxc2 Nf6 22. Qd2 h6 23. Rfc1 Kh8 24. Kh1 Rg8 25. Ng3 f4 26. Bf2 fxg3 27. Bxg3 Qg5 28. Qe2 Nh5 29. Bf2 Nf4 30. Qf1 Bf5 31. Rb2 Nd3 0-1

[Event "*** Titled Tuesday 3|2 Blitz"]
[Site "Chess.com"]
[Date "2015.09.01"]
[Round "2"]
[White "Tal-Baronfew"]
[Black "BIG_Pirate"]
[Result "1-0"]
[WhiteElo "2779"]
[BlackElo "2207"]
[TimeControl "180+2"]
[EndTime "11:16:35 PDT"]
[Termination "Tal-Baronfew won by resignation"]

1. d4 d5 2. c4 c6 3. Nf3 Nf6 4. Nc3 e6 5. g3 Nbd7 6. Bg2 Bd6 7.
O-O O-O 8. Nd2 Qe7 9. e4 dxe4 10. Ndxe4 Bc7 11. Re1 Rd8 12. Qc2 Nb6 13. Bg5 Nxc4 14.
Bh4 Nd6 15. Nxf6+ gxf6 16. d5 Ba5 17. dxc6 bxc6 18. Bxc6 Rb8 19. Nd5 1-0

[Event "*** Titled Tuesday 3|2 Blitz"]
[Site "Chess.com"]
[Date "2015.09.01"]
[Round "2"]
[White "Tirantes"]
[Black "joppie2"]
[Result "0-1"]
[WhiteElo "2222"]
[BlackElo "2311"]
[TimeControl "180+2"]
[EndTime "11:16:53 PDT"]
[Termination "joppie2 won by resignation"]

1. c4 c6 2. Nf3 d5 3. e3 Bg4 4. h3 Bxf3 5. Qxf3 e6 6. d4 Nf6 7. Bd3 Nbd7 8. O-O Bd6 9. Qe2 Qe7 10. b3 e5 11. cxd5 cxd5 12. dxe5 Qxe5 13. f4 Qxa1 14.
Bb2 Qxa2 15. Nc3 Qa5 16. Nb5 Qb6 17. Nxd6+ Qxd6 18. Ra1 O-O 19. Ba3 Nc5 20. Bf5 b6 21. Rd1 Rfe8 22. Bb2 Qxf4 0-1

[Event "*** Titled Tuesday 3|2 Blitz"]
[Site "Chess.com"]
[Date "2015.09.01"]
[Round "2"]
[White "xdb"]
[Black "ArnaudovP"]
[Result "0-1"]
[WhiteElo "2097"]
[BlackElo "2354"]
[TimeControl "180+2"]
[EndTime "11:17:16 PDT"]
[Termination "ArnaudovP won by resignation"]

1. e4 e5 2. Nf3 Nc6 3. Nc3 Nf6 4. d4 exd4 5. Nxd4 Bc5 6. Nxc6 bxc6 7. Bd3 O-O 8. O-O d5 9. exd5 cxd5 10. h3 h6 11. Qf3 Rb8 12. b3 Bd4 13. Bb2 c5 14. Rad1 Qa5 15. Rfe1 Be6 16. Bf1 Ne4 17. Rd3 Bxf2+ 18. Kh1 Bxe1 19. Nxe4 dxe4 20. Qxe4 c4 21. Re3 c3 22. Bc1 Bd2 23. Bd3 Bf5 0-1

[Event "*** Titled Tuesday 3|2 Blitz"]
[Site "Chess.com"]
[Date "2015.09.01"]
[Round "2"]
[White "Tesla37"]
[Black "Thomaslegend"]
[Result "1-0"]
[WhiteElo "2558"]
[BlackElo "2134"]
[TimeControl "180+2"]
[EndTime "11:17:40 PDT"]
[Termination "Tesla37 won by resignation"]

1. e4 c5 2. Nf3 d6 3. Nc3 Nf6 4. d4 cxd4 5. Qxd4 a6 6. e5 Nc6 7. Qa4 dxe5 8. Nxe5 Bd7 9. Nxd7 Qxd7 10. Bd2 e6 11. g4 Be7 12. Bg2 Qc7 13. O-O-O O-O 14.
g5 Nd7 15. Bf4 Qc8 16. Ne4 b5 17. Qb3 Na5 18. Qg3 Kh8 19. Bd6 Re8 20. Bxe7 Rxe7 21. Nd6 Qd8 22. Bxa8 Qxa8 23. Qa3 Nc6 24. Nxb5 Qc8 25.
Na7 1-0

[Event "*** Titled Tuesday 3|2 Blitz"]
[Site "Chess.com"]
[Date "2015.09.01"]
[Round "2"]
[White "AleksandrNevski"]
[Black "Keranke"]
[Result "0-1"]
[WhiteElo "2308"]
[BlackElo "2517"]
[TimeControl "180+2"]
[EndTime "11:18:14 PDT"]
[Termination "Keranke won by resignation"]

1. c4 g6 2. g3 Bg7 3. Bg2 Nf6 4. Nc3 O-O 5. d3 c6 6. Bg5 d5 7. cxd5 cxd5 8. Qd2 d4 9. Bxf6 exf6 10. Nd5 Nc6 11.
h4 Re8 12. Kf1 Bg4 13. Re1 Rc8 14. Nh3 Ne5 15. Nhf4 Rc5 16. b4 Rc8 17. h5 Qd6 18. hxg6 hxg6 19. b5 Rc5 20. Qb4 g5 21. Qxd4 gxf4 22.
gxf4 Nf3 23. exf3 Rxe1+ 24. Kxe1 Rxd5 25. Qe4 Bd7 0-1

[Event "*** Titled Tuesday 3|2 Blitz"]
[Site "Chess.com"]
[Date "2015.09.01"]
[Round "2"]
[White "jcibarra"]
[Black "Danirod"]
[Result "1-0"]
[WhiteElo "2545"]
[BlackElo "2349"]
[TimeControl "180+2"]
[EndTime "11:18:35 PDT"]
[Termination "jcibarra won by checkmate"]

1. e4 c5 2. Nf3 g6 3. d4 cxd4 4. Nxd4 Bg7 5. Nc3 Nc6 6. Be3 Nf6 7.
Bc4 Qa5 8. O-O O-O 9. Bb3 d6 10. Nd5 Re8 11. Nxf6+ Bxf6 12. c3 Bd7 13. f4 Rac8 14.
Qf3 a6 15. Rad1 Qc7 16. Qf2 Na5 17. Bd5 Nc4 18. Bc1 e6 19. Bxc4 Qxc4 20. e5 Be7 21. exd6 Bxd6 22. Nb3 Rc6 23. Na5 Qb5 24. Nxc6 Qxc6 25.
Be3 Bf8 26. Bd4 b5 27. Qh4 Be7 28. Qh6 Bf8 29. Qg5 Be7 30. Bf6 Bc5+ 31. Kh1 Bc8 32. Rd3 Bb7 33. Rff3 Bb6 34. Qh6 Qc5 35. Qg7# 1-0

[Event "*** Titled Tuesday 3|2 Blitz"]
[Site "Chess.com"]
[Date "2015.09.01"]
[Round "2"]
[White "gumersindo"]
[Black "Fawolizzo"]
[Result "0-1"]
[WhiteElo "2037"]
[BlackElo "1965"]
[TimeControl "180+2"]
[EndTime "11:19:04 PDT"]
[Termination "Fawolizzo won by resignation"]

1. d4 Nf6 2. c4 e6 3. Nc3 Bb4 4. Qc2 b6 5. a3 Bxc3+ 6. Qxc3 Bb7 7. f3 d5 8. e3 O-O 9. Bd3 Nbd7 10. Ne2 c5 11. b3 cxd4 12. exd4 Rc8 13. Bf4 Ba6 14.
O-O Nh5 15. Bd6 Re8 16. Rac1 Qh4 17. c5 Bxd3 18. Qxd3 bxc5 19. dxc5 Rc6 20. b4 a6 21.
Nd4 Rcc8 22. Rfd1 Nf4 23. Qd2 Ng6 24. Bg3 Qf6 25. a4 e5 26. Nb3 d4 27. b5 axb5 28.
axb5 h5 29. c6 Nb6 30. Qa5 h4 31. Bf2 Nd5 32. Nc5 Ngf4 33. Ne4 Qg6 34. g3 hxg3 35.
hxg3 Ne2+ 36. Kf1 Nxc1 37. Rxc1 Ne3+ 38. Bxe3 dxe3 39. Ke2 f5 40. Nc5 Qxg3 41. Qa2+ Kh7 42. Rh1+ Kg6 43. Qb1 Qf2+ 44. Kd3 Qd2+ 45. Kc4 Qd4+ 46.
Kb3 Qxc5 47. Rg1+ Kf6 48. Qd3 Red8 49. Qe2 Rd2 50. Qc4 0-1

[Event "*** Titled Tuesday 3|2 Blitz"]
[Site "Chess.com"]
[Date "2015.09.01"]
[Round "2"]
[White "IMRosen"]
[Black "stefanodinn"]
[Result "0-1"]
[WhiteElo "2201"]
[BlackElo "2111"]
[TimeControl "180+2"]
[EndTime "11:19:09 PDT"]
[Termination "stefanodinn won on time"]

1. e4 c5 2. Nc3 d6 3. f4 g6 4. Nf3 Bg7 5. Bc4 e6 6. O-O Ne7 7. Qe1 O-O 8. d3 Nbc6 9. f5 gxf5 10. Qh4 d5 11. Bb3 fxe4 12. dxe4 c4 13. Ba4 d4 14.
Bh6 dxc3 15. Ng5 Bxh6 16. Qxh6 Qd4+ 17. Kh1 Qg7 18. Qh4 f6 19. Nh3 e5 20. Rf3 cxb2 21. Raf1 Bxh3 22. Qxh3 Ng6 0-1

[Event "*** Titled Tuesday 3|2 Blitz"]
[Site "Chess.com"]
[Date "2015.09.01"]
[Round "2"]
[White "BakaPG"]
[Black "Bab3s"]
[Result "1-0"]
[WhiteElo "2448"]
[BlackElo "2127"]
[TimeControl "180+2"]
[EndTime "11:19:18 PDT"]
[Termination "BakaPG won by resignation"]

1. e4 e5 2. Nf3 Nc6 3. Bb5 a6 4. Ba4 Nf6 5. O-O b5 6. Bb3 Be7 7. Re1 d6 8. a4 b4 9. d3 O-O 10. a5 Na7 11. Bg5 c5 12. Nbd2 Rb8 13. Nc4 Nc6 14. Ne3 Nxa5 15. Bxf6 Bxf6 16. Bd5 Be6 17.
c3 bxc3 18. bxc3 Nb3 19. Rxa6 Bxd5 20. Nxd5 c4 21. dxc4 Nc5 22. Nxf6+ Qxf6 23. Rxd6 Qe7 24. Rd5 f6 25. Qe2 Rfd8 26. g3 Ne6 27. Red1 Rbc8 28. Nh4 g6 29. Qg4 Kf7 30. c5 Nxc5 31. Nf3 Ne6 32. Qh4 Kg7 33. Nxe5 Rxc3 34. Rd7 Rxd7 35. Rxd7 Rc1+ 36. Kg2 1-0

[Event "*** Titled Tuesday 3|2 Blitz"]
[Site "Chess.com"]
[Date "2015.09.01"]
[Round "2"]
[White "Tesla17"]
[Black "Mugzyyy"]
[Result "0-1"]
[WhiteElo "2129"]
[BlackElo "2604"]
[TimeControl "180+2"]
[EndTime "11:19:20 PDT"]
[Termination "Mugzyyy won by resignation"]

1. d4 d5 2. c4 e6 3. Nc3 Nf6 4. Bg5 Be7 5. e3 Nbd7 6. cxd5 exd5 7. Bd3 Nf8 8. Qc2 Ne6 9. Bh4 c5 10. Nf3 c4 11. Bf5 g6 12. Bh3 a6 13. O-O b5 14.
a3 h6 15. Bg3 h5 16. Be5 O-O 17. Rad1 Ng4 18. e4 Nxe5 19. Nxe5 Nf4 20. Bxc8 Rxc8 21. g3 Ne6 22. Nxd5 Bd6 23. Nf3 a5 24. Qd2 Kg7 25.
Rfe1 Re8 26. e5 Bxa3 27. Nf6 Bb4 28. Nxe8+ Qxe8 29. Qe3 Bxe1 30. Rxe1 Qc6 31. Ng5 b4 32. Ne4 c3 33. bxc3 bxc3 34. Rc1 c2 35. Nc5 Nxd4 36.
Qxd4 Qxc5 37. Qf4 Qc4 38. Qf6+ Kg8 39. h3 a4 40. Kh2 a3 41. f4 Qe2+ 0-1

[Event "*** Titled Tuesday 3|2 Blitz"]
[Site "Chess.com"]
[Date "2015.09.01"]
[Round "2"]
[White "Storne89"]
[Black "E-Shaposhnikov"]
[Result "0-1"]
[WhiteElo "2448"]
[BlackElo "2368"]
[TimeControl "180+2"]
[EndTime "11:19:29 PDT"]
[Termination "E-Shaposhnikov won by resignation"]

1. e4 c5 2. Nf3 e6 3. d4 cxd4 4. Nxd4 a6 5. Nc3 Qc7 6. Bd3 Nc6 7. Nxc6 dxc6 8. O-O e5 9. Be3 Nf6 10. h3 b5 11. a4 Bb7 12. Ne2 Be7 13. Ng3 g6 14. c4 b4 15. c5 a5 16. Qc2 O-O 17. f4 Rad8 18. f5 Kg7 19. Bc4 Nd7 20. Qf2 Nf6 21. Qf3 Rd4 22. Bxd4 exd4 23. Bd3 Bxc5 24. Ne2 Bd6 25.
g4 g5 26. Rae1 c5 27. Nc1 Re8 28. Nb3 c4 29. Rc1 Bh2+ 30. Kg2 Nxe4 31. Rxc4 Nc5 32. f6+ Kh6 33. Rxc5 Qg3+ 0-1

[Event "*** Titled Tuesday 3|2 Blitz"]
[Site "Chess.com"]
[Date "2015.09.01"]
[Round "2"]
[White "Hafez_Bakr"]
[Black "ilmago"]
[Result "0-1"]
[WhiteElo "1718"]
[BlackElo "1841"]
[TimeControl "180+2"]
[EndTime "11:19:37 PDT"]
[Termination "ilmago won by resignation"]

1. e4 c5 2. c3 Nf6 3. e5 Nd5 4.
d4 cxd4 5. Nf3 Nc6 6. cxd4 e6 7.
Bc4 Nb6 8. Bd3 d6 9. O-O dxe5 10. dxe5 Bc5 11. Bg5 Be7 12. Be3 Nd5 13. Bd2 Qc7 14. Re1 Bd7 15. Nc3 Ndb4 16. Be4 Rd8 17. a3 Na6 18.
Qc2 Nc5 19. Bxh7 g6 20. Bxg6 fxg6 21. Qxg6+ Kf8 22. Ng5 Be8 23. Nxe6+ Nxe6 24. Qxe6 Rxd2 25. Re3 Nd4 26. Qg4 Bf7 27. Qf4 Rh4 28. Qg3 Nf5 29.
Qf3 Nxe3 30. Qxe3 Rhd4 31. g3 Bc5 32. Qh6+ Ke8 33. Nb5 Rd1+ 34. Rxd1 Rxd1+ 35. Kg2 Qc6+ 36. Qxc6+ bxc6 37. Nc3 Rd2 38. Ne4 Bd5 0-1

[Event "*** Titled Tuesday 3|2 Blitz"]
[Site "Chess.com"]
[Date "2015.09.01"]
[Round "2"]
[White "1stSecond"]
[Black "myaccount88"]
[Result "1-0"]
[WhiteElo "2367"]
[BlackElo "2151"]
[TimeControl "180+2"]
[EndTime "11:19:56 PDT"]
[Termination "1stSecond won by resignation"]

1. d4 Nf6 2. c4 e6 3. Nc3 Bb4 4. e3 O-O 5. Ne2 d5 6. a3 Bd6 7. cxd5 exd5 8. g3 c6 9. Bg2 a5 10. O-O Nbd7 11. f3 Re8 12. e4 dxe4 13. fxe4 Bf8 14. e5 Ng4 15. h3 Ndxe5 16. hxg4 Nxg4 17. Qd3 f5 18. Bf4 Bd6 19. Rae1 Rf8 20. Qc4+ Kh8 21.
Bxd6 Qxd6 22. Nf4 Qh6 23. Bh3 g5 24. Bxg4 gxf4 25. Rxf4 fxg4 26. Rxf8+ Qxf8 27. d5 Bd7 28. Qd4+ Kg8 29. Ne4 Qg7 30. Nf6+ Kh8 31. Qc3 Rf8 32. Nxd7 Qxc3 33. bxc3 Rf3 34. d6 Rxg3+ 35. Kf2 Rd3 36. Ne5 1-0

[Event "*** Titled Tuesday 3|2 Blitz"]
[Site "Chess.com"]
[Date "2015.09.01"]
[Round "2"]
[White "AlexCn1"]
[Black "PowerThinking2650"]
[Result "0-1"]
[WhiteElo "2185"]
[BlackElo "2079"]
[TimeControl "180+2"]
[EndTime "11:20:01 PDT"]
[Termination "PowerThinking2650 won by resignation"]

1. d4 Nf6 2. c4 g6 3. Nc3 Bg7 4. e4 d6 5. Nf3 O-O 6. Be2 e5 7. Be3 Ng4 8. Bg5 f6 9. Bd2 Nc6 10. d5 Ne7 11. h3 Nh6 12. Qc1 Nf7 13. g4 f5 14. gxf5 gxf5 15. Ng5 Nxg5 16. Bxg5 f4 17.
Bg4 Kh8 18. f3 h6 19. Bh4 Bf6 20. Bxf6+ Rxf6 21. Qd2 Ng6 22. h4 Bxg4 23. fxg4 Qd7 24. g5 Rf7 25. h5 Ne7 26. g6 Rf6 27. O-O-O Kg7 28. Rdf1 f3 29. Nd1 Raf8 30. Nf2 b5 31.
Rhg1 bxc4 32. Ng4 Rf4 33. Rxf3 c3 34. bxc3 Qa4 35. Rxf4 Rxf4 36. Qc2 Qxc2+ 37. Kxc2 Rxe4 38. Kd3 Rf4 39. Ne3 Nf5 40. Ng4 e4+ 41. Ke2 Rf3 42.
Nf2 Ng3+ 43. Ke1 Rxc3 44. Kd2 e3+ 45. Kxc3 exf2 46. Rxg3 f1=Q 47. Re3 Qf6+ 48. Kd3 Qf5+ 49. Kd4 Qxh5 0-1

[Event "*** Titled Tuesday 3|2 Blitz"]
[Site "Chess.com"]
[Date "2015.09.01"]
[Round "2"]
[White "amazingoid"]
[Black "Penguininja"]
[Result "1-0"]
[WhiteElo "2308"]
[BlackElo "2134"]
[TimeControl "180+2"]
[EndTime "11:20:05 PDT"]
[Termination "amazingoid won by checkmate"]

1. e4 e6 2. d4 d5 3. Nd2 Nc6 4. Ngf3 Nf6 5. e5 Nd7 6. Bb5 a6 7.
Bd3 Nb4 8. Be2 c5 9. c3 Nc6 10. O-O g6 11. Re1 Bg7 12. Nb3 O-O 13. Bg5 Qc7 14. Qd2 c4 15. Nc1 f6 16. exf6 Nxf6 17.
Bf4 Qf7 18. Bd6 Rd8 19. Ng5 Qd7 20. Bg3 h6 21. Nf3 Ne4 22. Qd1 b5 23. Nd2 Nxg3 24. hxg3 e5 25. dxe5 Nxe5 26. Nf3 Nc6 27. Nh4 g5 28. Nf3 d4 29. cxd4 Nxd4 30. Nxd4 Bxd4 31. Qc2 Bb7 32. Bd1 Kg7 33. Ne2 Bf6 34. Nc3 Re8 35. Bh5 Qc6 36. Qg6+ Kf8 37. Qf7# 1-0

[Event "*** Titled Tuesday 3|2 Blitz"]
[Site "Chess.com"]
[Date "2015.09.01"]
[Round "2"]
[White "Haridaskesavan"]
[Black "Grootneus"]
[Result "0-1"]
[WhiteElo "1999"]
[BlackElo "1995"]
[TimeControl "180+2"]
[EndTime "11:20:29 PDT"]
[Termination "Grootneus won on time"]

1. e4 c5 2. c3 Nf6 3. d3 d5 4. Nd2 dxe4 5. dxe4 Nc6 6. Ngf3 g6 7. Bc4 Bg7 8. O-O O-O 9. Re1 e5 10. Qe2 a6 11. a4 Qe7 12. Ba2 Be6 13. Nc4 b5 14. Nb6 Bxa2 15. Rxa2 Rab8 16. Nd5 Nxd5 17.
exd5 Nd8 18. axb5 axb5 19. Be3 f5 20. Ra6 Qb7 21. Rea1 Qxd5 22. Ra7 Nc6 23. Rc7 Rfc8 24. Rxc8+ Rxc8 25. Qxb5 e4 26. Nd2 Ne5 27. Ra7 Ng4 28. Rd7 Qc6 29. Qc4+ Kh8 30. Qf7 Qf6 0-1

[Event "*** Titled Tuesday 3|2 Blitz"]
[Site "Chess.com"]
[Date "2015.09.01"]
[Round "2"]
[White "WanderingPuppet"]
[Black "lukas_111111"]
[Result "0-1"]
[WhiteElo "2170"]
[BlackElo "2212"]
[TimeControl "180+2"]
[EndTime "11:20:34 PDT"]
[Termination "lukas_111111 won by resignation"]

1. e4 d6 2. d4 Nf6 3. Nc3 g6 4. f3 Bg7 5. Be3 c6 6. Qd2 h5 7. Nge2 Nbd7 8. Nc1 Qc7 9. Nb3 b5 10. a4 b4 11. Na2 a5 12. c3 bxc3 13. Nxc3 Rb8 14.
Nc1 O-O 15. Bc4 d5 16. exd5 Nb6 17. Bd3 Nbxd5 18. O-O Nxe3 19. Qxe3 Rxb2 20. N1e2 Rb4 21. Rac1 Qb6 22. Qf2 Ba6 23. Bxa6 Qxa6 24. Rfd1 Rb2 25. Qg3 Rxe2 26. Nxe2 Qxe2 27. Re1 Qd2 28. Rxc6 Qxd4+ 29. Kh1 h4 30. Qe5 Qxa4 31. Rcc1 h3 32. gxh3 Qh4 33.
Qg3 Qh6 34. Rc5 a4 35. h4 a3 36. Qg5 Qxg5 37. hxg5 Nh5 38. Rc2 Bb2 39. Kg2 Nf4+ 40. Kg3 Ne6 41. h4 Ra8 42. Rb1 Be5+ 43. f4 Nxf4 44. Ra2 Nd5+ 45. Kf3 Nc3 46. Rba1 Nxa2 47. Rxa2 Bb2 48. Ke4 Ra4+ 49. Kd3 Rxh4 50. Kc2 Rg4 51. Kb3 Rxg5 52. Kc2 Rd5 53. Kb3 f5 54. Kc4 Rd8 55.
Rxa3 Bxa3 56. Kb3 0-1

[Event "*** Titled Tuesday 3|2 Blitz"]
[Site "Chess.com"]
[Date "2015.09.01"]
[Round "2"]
[White "DanielNaroditsky"]
[Black "bugsbunny444"]
[Result "1-0"]
[WhiteElo "2500"]
[BlackElo "2297"]
[TimeControl "180+2"]
[EndTime "11:20:40 PDT"]
[Termination "DanielNaroditsky won by resignation"]

1. d4 e6 2. c4 b6 3. Nc3 Bb7 4. Nf3 f5 5. g3 Nf6 6. Bg2 Bb4 7. Bd2 O-O 8. O-O Bxc3 9. Bxc3 Ne4 10. Be1 d6 11. d5 e5 12. Nh4 Bc8 13. Qc2 Na6 14. Nxf5 Bxf5 15. Bxe4 Bxe4 16. Qxe4 Nc5 17. Qc2 a5 18. b3 Qg5 19. Bd2 Qh5 20. Be3 Rf6 21. f3 Raf8 22. Rf2 h6 23. Raf1 g5 24. a3 a4 25. b4 Nb3 26. c5 bxc5 27. bxc5 Qf7 28.
Qc4 Ra8 29. f4 exf4 30. gxf4 g4 31. f5 Kh7 32. Rg2 Nxc5 33. Bxc5 dxc5 34. Qxg4 c4 35.
e4 Re8 36. Rc1 c6 37. Qg6+ Rxg6 38. fxg6+ Qxg6 39. Rxg6 Kxg6 40. dxc6 Rxe4 41. c7 Re8 42. Rxc4 Rc8 43. Kf2 Kf5 44. Kg3 Ke5 45. Kg4 Kd5 46.
Rc1 Kd6 47. Kh5 Kd7 48. Kxh6 Rh8+ 49. Kg7 Re8 50. c8=Q+ 1-0

[Event "*** Titled Tuesday 3|2 Blitz"]
[Site "Chess.com"]
[Date "2015.09.01"]
[Round "2"]
[White "MattyDPerrine"]
[Black "rikyshi"]
[Result "1-0"]
[WhiteElo "2259"]
[BlackElo "2111"]
[TimeControl "180+2"]
[EndTime "11:20:44 PDT"]
[Termination "MattyDPerrine won on time"]

1. d4 d5 2. c4 Nc6 3. cxd5 Qxd5 4. Nf3 e5 5. Nc3 Bb4 6. Bd2 Bxc3 7. Bxc3 e4 8. Nd2 e3 9. fxe3 Nf6 10. Qb3 Qg5 11. e4 Ng4 12. d5 Nce5 13. Bd4 Qf4 14. g3 Qg5 15. Nf3 Qh5 16. Qa3 Nxf3+ 17. exf3 Ne5 18.
Be2 Ng6 19. Bxg7 Rg8 20. Bf6 Qh3 21. Rc1 Qd7 22. Qb3 c6 23. dxc6 bxc6 24. Rxc6 Bb7 25.
Rc1 a6 26. Rd1 Qc7 27. Qa4+ Bc6 28. Qa3 Ne5 29. Qd6 Qa5+ 30. b4 1-0

[Event "*** Titled Tuesday 3|2 Blitz"]
[Site "Chess.com"]
[Date "2015.09.01"]
[Round "2"]
[White "Colombiano07"]
[Black "AndrewMcStone"]
[Result "0-1"]
[WhiteElo "1992"]
[BlackElo "1948"]
[TimeControl "180+2"]
[EndTime "11:20:52 PDT"]
[Termination "AndrewMcStone won by checkmate"]

1. e4 e6 2. d3 d5 3. Nd2 c5 4. Ngf3 Bd6 5. g3 Nc6 6. Bg2 Nge7 7. O-O O-O 8. Re1 Qc7 9. c3 Bd7 10. Nf1 b5 11. d4 dxe4 12. Ng5 f5 13. Qh5 h6 14.
Nh3 cxd4 15. Bxh6 Be8 16. Qg5 Ng6 17. cxd4 gxh6 18. Qxh6 Qg7 19. Qe3 Nxd4 20. Rad1 Bc5 21. Qc3 Rc8 22. Ng5 Bd7 23. Ne3 Bb6 24. Qb4 Ne5 25.
Qd6 Rc6 26. Qb4 Qxg5 27. Rxd4 Bxd4 28. Qxd4 Qg7 29. Rd1 Nd3 30. Rxd3 exd3 31. Qxd3 Rc1+ 32. Nf1 Bc6 33. Qe3 Bxg2 34. Kxg2 Rc6 35. Nd2 Qd7 36.
Nf3 Qd5 37. Qg5+ Kf7 38. Qh5+ Ke7 39. Qg5+ Ke8 40. Qg6+ Rf7 41. h4 e5 42. Qg8+ Ke7 43.
Qg5+ Kd7 44. h5 f4 45. g4 Re6 46. Qg8 Rfe7 47. g5 e4 48. Nh4 e3+ 49. Nf3 e2 50. h6 e1=Q 51. h7 Qee4 52. h8=Q Qxf3+ 53. Kf1 Re1# 0-1